 Dungeon Crawl Stone Soup version 0.16.1-11-g651b585 (webtiles) character file.

274 KarvaRausku the Ruffian (level 6, -8/50 HPs)
             Began as a Draconian Transmuter on Apr 7, 2015.
             Shot with an arrow by a centaur (11 damage)
             ... on level 4 of the Dungeon.
             The game lasted 00:13:03 (3661 turns).

KarvaRausku the Ruffian (Draconian Transmuter)      Turns: 3661, Time: 00:13:04

Health: -8/50      AC:  6    Str: 14    XL:     6   Next: 3%
Magic:  2/13       EV: 13    Int: 14    God:
Gold:   198        SH:  0    Dex: 11    Spells: 2 memorised, 8 levels left

rFire  . . .     SeeInvis .     b - 15 arrows
rCold  . . .     Clarity  .     (armour unavailable)
rNeg   . . .     SustAb   .     (no shield)
rPois  .         Gourm    .     j - +0 hat
rElec  .         Spirit   .     (no cloak)
rCorr  .         Warding  .     (no gloves)
rMut   .         Stasis   .     (no boots)
MR     .....                    (no amulet)
Stlth  +.........               (no ring)
                                (no ring)

@: very slightly contaminated, not resistant to hostile enchantments, very
unstealthy
A: unfitting armour, cold-blooded, AC +6
a: no special abilities


You were on level 4 of the Dungeon.
You were not hungry.

You visited 1 branch of the dungeon, and saw 4 of its levels.

You collected 198 gold pieces.

Inventory:

Missiles
 b - 15 arrows (in hand)
Armour
 j - a +0 hat (worn)
 k - a +0 animal skin
Scrolls
 f - a scroll of blinking {unknown}
 g - a scroll of enchant armour {unknown}
 i - a scroll of remove curse {unknown}
 m - a scroll of immolation {unknown}
 o - a scroll of recharging {unknown}
 q - a scroll of teleportation {unknown}
 r - 3 scrolls of amnesia {unknown}
 s - 2 scrolls of identify {unknown}
Potions
 e - a potion of mutation {unknown}
 h - a potion of restore abilities {unknown}
 l - a potion of might {unknown}
 n - 2 potions of curing {unknown}
 p - a potion of brilliance {unknown}
Books
 d - a book of Changes

   Spells                             Type                      Level
   a - Beastly Appendage              Transmutation                1
   b - Sticks to Snakes               Transmutation                2
   c - Spider Form                    Transmutation/Poison         3
   d - Ice Form                       Ice/Transmutation            4
   e - Blade Hands                    Transmutation                5
Comestibles
 a - 3 bread rations
 c - 2 meat rations


   Skills:
 + Level 2.9 Fighting
 * Level 3.3 Dodging
 + Level 3.9 Unarmed Combat
 * Level 3.3 Spellcasting
 + Level 2.7 Transmutations


You had 8 spell levels left.
You knew the following spells:

 Your Spells              Type           Power        Failure   Level  Hunger
a - Beastly Appendage     Trmt           #.....       10%         1    #......
b - Sticks to Snakes      Trmt           #.........   12%         2    ##.....


Dungeon Overview and Level Annotations

Branches:
Dungeon (4/15)
 Temple: D:4-7

Altars:
Elyvilon
Nemelex Xobeh


Innate Abilities, Weirdness & Mutations

Your plain brown scales are hard (AC +6).
Your body does not fit into most forms of armour.
Your cold-blooded metabolism reacts poorly to cold.


Message History

Your ball python dies!
Your ball python closely misses the centaur.
The adder misses your adder.
Your adder barely misses the adder.
The adder bites your ball python.
Your ball python is poisoned.
The adder poisons your ball python!
Your ball python misses the adder.
Your ball python barely misses the adder.
Your adder bites the adder.
The adder bites your adder.
Your adder is poisoned.
The adder poisons your adder!
Your ball python closely misses the adder.
Your ball python barely misses the adder.
Your adder dies!
The centaur shoots an arrow.
The arrow hits you!
* * * LOW HITPOINT WARNING * * *
Something closely misses your ball python.
Your ball python bites something but does no damage.
Your ball python closely misses something.
The centaur shoots an arrow.
The arrow hits you!
You die...

#..###....S......
#...?....S(......
#......(...=....
##.....(c.......
##............
#............ ##...
##........... ....#
##g..>...... #.#+####
##.@......<.. +..###
###......<.... #
#....###....###...?..
#.#..........## ##...
# #...........## ##.
######........# .###
#.......##
...###.......#
......#......#


You could see a centaur, a hobgoblin and a friendly ball python.

Vanquished Creatures
  An ogre (D:3)
  A hound (D:4)
  Robin (D:2)
  6 adders
  A worm (D:3)
  A giant gecko (D:1)
  4 orcs (D:3)
  7 bats
  4 giant cockroaches
  16 goblins
  6 hobgoblins
  3 ball pythons
  3 giant newts
  9 kobolds
  9 rats
72 creatures vanquished.

Vanquished Creatures (collateral kills)
  2 orcs
  A goblin (D:4)
3 creatures vanquished.

Vanquished Creatures (others)
  A goblin (D:2)
  A rat (D:2)
2 creatures vanquished.

Grand Total: 77 creatures vanquished

Notes
Turn   | Place    | Note
--------------------------------------------------------------
     0 | D:1      | KarvaRausku, the Draconian Transmuter, began the quest for the Orb.
     0 | D:1      | Reached XP level 1. HP: 16/16 MP: 3/3
   242 | D:1      | Reached XP level 2. HP: 18/23 MP: 3/5
   852 | D:2      | Reached XP level 3. HP: 23/28 MP: 4/6
   862 | D:2      | Found a white marble altar of Elyvilon.
   873 | D:2      | Noticed Robin
   922 | D:2      | HP: 1/29 [Robin/spear (6)]
  1241 | D:2      | Killed Robin
  1570 | D:2      | Reached XP level 4. HP: 29/36 MP: 8/8
  1669 | D:2      | Learned a level 2 spell: Sticks to Snakes
  2139 | D:3      | Noticed an ogre
  2151 | D:3      | Killed an ogre
  2151 | D:3      | Reached XP level 5. HP: 13/42 MP: 9/11
  3150 | D:3      | Found a sparkling altar of Nemelex Xobeh.
  3461 | D:4      | Reached XP level 6. HP: 14/50 MP: 13/13
  3649 | D:4      | Noticed a centaur
  3661 | D:4      | Shot with an arrow by a centaur

Action                   |  1- 3 |  4- 6 || total
-------------------------+-------+-------++-------
Melee: Unarmed           |   134 |   188 ||   322
 Cast: Beastly Appendage |    15 |    18 ||    33
       Sticks to Snakes  |       |    11 ||    11
  Eat: Chunk             |     2 |     7 ||     9
       Beef jerky        |       |     1 ||     1
